AoeStats
← ThunderboltX

Four Lakes

509790304Analyzed
1v1 RM · 5d ago on Sep 28, 2026· 58m 54s· 2 players
Game mode
Random Map
Map size
Tiny (2 player)
Population
200
Speed
Normal
Resources
Standard
Victory
Conquest
Starting age
Dark Age
Ending age
Imperial Age
RankedLock teamsTeams togetherTeam positionsShared explorationLock speedFull tech treeHidden civsTurbo modeCheats
Victory
Defeat
🇨🇦 Mongols · Canada
2491
+11
🇧🇬 Georgians · Bulgaria
2375
-11
ThunderboltX
7:06 Loom
9:11 Feudal Age
9:21 Man-at-Arms
12:59 Double-Bit Axe
13:59 Fishing Lines
16:01 Fletching
17:58 Padded Archer Armor
25:33 Castle Age
25:58 Bloodlines
26:19 Bodkin Arrow
26:06 Crossbowman
28:07 Ballistics
28:34 Horse Collar
33:11 Wheelbarrow
34:33 Leather Archer Armor
36:11 Bow Saw
36:15 Guard Tower
36:36 Elite Skirmisher
37:49 Svan Towers
38:49 Arson
39:04 Squires
39:02 Stone Mining
39:03 Gold Mining
43:29 Imperial Age
42:39 Masonry
43:13 Murder Holes
43:31 Town Watch
45:28 Chemistry
44:37 Bracer
49:19 Chemistry
Survivalist
7:31 Loom
9:28 Feudal Age
10:07 Man-at-Arms
10:33 Double-Bit Axe
12:04 Town Watch
15:08 Fletching
17:25 Fishing Lines
20:13 Forging
20:26 Horse Collar
23:26 Castle Age
23:08 Scale Barding Armor
24:28 Medium Warships
24:14 Bodkin Arrow
23:41 Crossbowman
28:25 Ballistics
31:05 Padded Archer Armor
35:13 Gold Mining
35:52 Gillnets
36:35 Bow Saw
38:17 Horse Collar
41:12 Imperial Age
41:20 Husbandry
42:22 Wheelbarrow
41:55 Scale Mail Armor
41:57 Bracer
45:00 Gold Shaft Mining
45:53 Bloodlines
46:14 Scale Barding Armor
45:32 Light Cavalry
47:21 Chain Barding Armor
48:14 Conscription
48:13 Nomads
48:49 Iron Casting
49:14 Hand Cart
53:55 Blast Furnace
53:46 Hussar
56:44 Heavy Plow
58:08 Chemistry
58:46 Thumb Ring
Connection lost

Rejoining the realm…

Still unreachable

The connection could not be restored.

Session expired

The server has moved on; the page needs a fresh start.